 Dungeon Crawl Stone Soup version 0.28-a0-1404-g4df0f3684d (webtiles) character file.

Game seed: 7611020139063546470

135 siradein the Skirmisher (level 5, -2/28 HPs)
             Began as a Vine Stalker Berserker on Jan 6, 2022.
             Was a Believer of Trog.
             Slain by a wyvern (7 damage)
             ... on level 4 of the Dungeon.
             The game lasted 00:10:22 (2845 turns).

siradein the Skirmisher (Vine Stalker Berserker)    Turns: 2845, Time: 00:10:23

Health: -2/28      AC:  7    Str: 21    XL:     5   Next: 18%
Magic:  0/6        EV: 10    Int:  7    God:    Trog [**....]
Gold:   180        SH:  3    Dex: 14    Spells: 4/4 levels left

rFire   . . .      SeeInvis .   b - +0 flail (protect)
rCold   . . .      Faith    .   n - +0 buckler
rNeg    . . .      Spirit   +   o - +0 scale mail
rPois   .          Reflect  .   (no helmet)
rElec   .          Harm     .   (no cloak)
rCorr   +          Rampage  .   (no gloves)
Will    .....                   g - +0 pair of boots
Stlth   ..........              (no amulet)
HPRegen 0.89/turn               h - ring of resist corrosion
MPRegen 0.10/turn               m - ring of flight

@: on berserk cooldown, flying, slowed, very slow
A: fangs 2, regeneration 1, magic shield, antimagic bite, no potion heal 2
a: Renounce Religion, Berserk, Trog's Hand


You were on level 4 of the Dungeon.
You worshipped Trog.
Trog was pleased with you.
You visited 1 branch of the dungeon, and saw 4 of its levels.

You collected 180 gold pieces.

Inventory:

Hand Weapons
 b - a +0 flail of protection (weapon)
Armour
 g - a +0 pair of boots (worn)
 n - a +0 buckler (worn)
 o - a +0 scale mail (worn)
Jewellery
 h - a ring of resist corrosion (left hand)
 m - a ring of flight (right hand)
Scrolls
 c - 3 scrolls of identify {unknown}
 i - a scroll of enchant armour {unknown}
 k - 2 scrolls of noise {unknown}
 r - a scroll of torment {unknown}
 t - a scroll of magic mapping {unknown}
 u - a scroll of vulnerability {unknown}
Potions
 a - 2 potions of mutation {unknown}
 d - 2 potions of heal wounds {unknown}
 e - a potion of flight {unknown}
 f - a potion of curing {unknown}
 j - a potion of might {unknown}
 l - a potion of magic {unknown}
 p - a potion of lignification {unknown}
 q - a potion of cancellation {unknown}
 s - a potion of brilliance {unknown}


   Skills:
 + Level 3.4 Fighting
 + Level 3.4 Maces & Flails
 + Level 2.5 Armour
 + Level 2.5 Dodging


You had 4 spell levels left.
You didn't know any spells.
Your spell library was empty.

Dungeon Overview and Level Annotations

Branches:
Dungeon (4/15)
 Temple: D:4-7

Altars:
Zin

Shops:
D:4 :


Innate Abilities, Weirdness & Mutations

You have extremely sharp teeth.
Your natural rate of healing is unusually fast.
When hurt, damage is shared between your health and your magic reserves.
Your bite disrupts and absorbs the magic of your enemies.
Potions cannot restore your health.


Message History

You hit the dart slug but do no damage.
The dart slug is severely wounded.
You sock the dart slug!
You kill the dart slug!
Trog accepts your kill.
Magic restored.
u - a scroll labelled ADOUG VINIMIETZ An ogre comes into view.
It is wielding a +0 giant spiked club.
The ogre shouts!
A wyvern comes into view.
The wyvern bites you!
A red film seems to cover your vision as you go berserk!
You feel yourself moving faster!
You feel mighty! The wyvern closely misses you.
You hit the wyvern.
Your weapon exudes an aura of protection.
Your bite misses the wyvern.
The wyvern is moderately wounded.
The wyvern bites you.
You completely miss the wyvern. Your bite misses the wyvern.
The wyvern is lightly wounded.
The wyvern bites you.
You barely miss the wyvern. Your bite misses the wyvern.
The wyvern is lightly wounded.
The wyvern bites you but does no damage.
The wyvern closely misses you.
The ogre hits you with a +0 giant spiked club!!
Ouch! That really hurt!
* * * LOW HITPOINT WARNING * * *
You feel a strong urge to attack something.
You barely miss the wyvern.
The wyvern is lightly wounded.
The wyvern bites you.
* * * LOW HITPOINT WARNING * * *
You barely miss the wyvern. Your bite misses the wyvern.
The wyvern is lightly wounded.
You are no longer berserk.
You are exhausted.
You feel yourself slow down. The wyvern bites you!
You die...

#...............#...#.......#
......#.....#................#
..... ##...##................#
......#.....#........##.....##
.#...............#######'#####
##..#.......#..###...#....)..
.. ##.....###.....###....... .
#..###..#.......##....... ....
#...@l.......#.......
.#.........#.O...#.########
#.........##...##......).#
.........#.....#........#
....#.........!.........#
#..###..#.......#.......' ##.
...###.....##.......# ...
..###..#######.. . .. ... #..


You could see a wyvern and an ogre.

Vanquished Creatures
  Terence (D:3)
  2 adders
  A gnoll (D:1)
  3 worms (D:3)
  2 dart slugs
  5 orcs (D:3)
  2 ball pythons (D:1)
  2 bats (D:1)
  6 endoplasms
  2 giant cockroaches
  8 goblins
  6 hobgoblins
  3 jackals (D:2)
  3 quokkas
  7 kobolds
  8 rats
61 creatures vanquished.

Vanquished Creatures (others)
  A bat (D:1)
  A hobgoblin (D:1)
  A rat (D:1)
3 creatures vanquished.

Grand Total: 64 creatures vanquished

Notes
Turn   | Place    | Note
-------+----------+-------------------------------------------
     0 | D:1      | siradein the Vine Stalker Berserker began the quest for the
                  | Orb.
     0 | D:1      | Reached XP level 1. HP: 11/11 MP: 2/2
    85 | D:1      | Reached XP level 2. HP: 15/16 MP: 3/3
   118 | D:1      | Found a faded altar of an unknown god.
   621 | D:1      | Reached XP level 3. HP: 19/19 MP: 4/4
   660 | D:1      | Reached ** piety under Trog
  1539 | D:2      | Gained mutation: Your natural rate of healing is unusually
                  | fast. [Vine Stalker growth]
  1539 | D:2      | Reached XP level 4. HP: 21/24 MP: 5/5
  2192 | D:3      | Noticed Terence
  2196 | D:3      | Killed Terence
  2463 | D:3      | Found a glowing silver altar of Zin.
  2569 | D:3      | Reached XP level 5. HP: 28/28 MP: 6/6
  2764 | D:4      | Found Zirit's Book Shop.
  2835 | D:4      | Noticed an ogre
  2836 | D:4      | Noticed a wyvern
  2845 | D:4      | Slain by a wyvern

Illustrated notes

Levels and vault maps discovered:
D:1:      minmay_arrival_nine_rooms, layout_basic,
          shapermc_ecumenical_altar_venn, lemuel_flame_loot_1
D:2:      layout_loops_ring
D:3:      layout_loops_corners, zin_treasury, kennysheep_decorative_pillar,
          uniq_terence
D:4:      nicolae_cairo_tiling_large_dashed, layout_gridville, serial_shops,
          nicolae_square_shop

Skill      XL: |  1  2  3 |
---------------+----------+-----
Maces & Flails | 3 |  3.4
Fighting       | 3 |  3.4
Armour         | 2 |  2.5
Dodging        | 2 |  2.5

Action                   |  1- 3 |  4- 6 || total
-------------------------+-------+-------++-------
Melee: Mace              |    36 |       ||    36
       Bite              |    13 |    15 ||    28
       Punch             |     1 |       ||     1
       Flail             |    39 |    72 ||   111
Invok: Trog's Hand       |     1 |       ||     1
       Berserk           |       |     1 ||     1
Armor: Animal skin       |     6 |       ||     6
       Ring mail         |    16 |    11 ||    27
       Scale mail        |       |    16 ||    16
Dodge: Dodged            |    41 |    28 ||    69
Block: Buckler           |       |     8 ||     8

Table legend: (Time is in decaauts)
 A = Elapsed time spent in this place.
 B = Non-inter-level travel time spent in this place.
 C = Inter-level travel time spent in this place.
 D = Time resting spent in this place.
 E = Time spent auto-exploring this place.
 F = Levels seen in this place.
 G = Mean time per level.
                   A        B        C        D        E       F      G
               +--------+--------+--------+--------+--------+-----+--------+
         Total |   2877 |   2809 |     68 |      0 |   2326 |   4 |  719.2 |
       Dungeon |   2877 |   2809 |     68 |      0 |   2326 |   4 |  719.2 |
               +--------+--------+--------+--------+--------+-----+--------+

Top non-repeatable levels by time:
     D:1: 1027 daAuts
     D:3: 894 daAuts
     D:2: 797 daAuts
     D:4: 157 daAuts
